 Seeded DCSS version 0.29.1-13-g9f3cf754e1 (webtiles) character file.

Game seed: 20230120 (custom seed)

189 stormannn the Magician (level 6, 0/43 HPs)
             Began as a Djinni Hedge Wizard on Jan 20, 2023.
             Was an Initiate of Gozag.
             Slain by a black bear (5 damage)
             ... on level 4 of the Dungeon.
             The game lasted 00:06:57 (4945 turns).

stormannn the Magician (Djinni Hedge Wizard)        Turns: 4945, Time: 00:07:00

Health: 0/43       AC:  2    Str:  9    XL:     6   Next: 0%
Gold:   707        EV: 13    Int: 18    God:    Gozag SH:  0 Dex: 12

rFire   + . .      SeeInvis .   a - +0 dagger
rCold   + . .      Faith    .   (no shield)
rNeg    . . .      Spirit   .   b - +0 robe
rPois   ∞          Reflect  .   c - +0 hat
rElec   .          Harm     .   (no cloak)
rCorr   .          Rampage  .   (no gloves)
Will    .....                   (boots unavailable)
Stlth   ++........              (no amulet)
HPRegen 0.94/turn               k - ring of protection from cold
MPRegen 0.00/turn               x - ring of ice

@: flying
A: sickness immunity, fire resistance 2, cold vulnerability 1, float, innate
caster, HP casting, extra vitality 1, mutation resistance 1, regeneration 1
a: Renounce Religion, Potion Petition, Call Merchant, Bribe Branch


You were on level 4 of the Dungeon.
You worshipped Gozag.
Gozag was pleased with you.
You visited 1 branch of the dungeon, and saw 4 of its levels.

You collected 707 gold pieces.

Inventory:

Hand Weapons
 a - a +0 dagger (weapon)
Missiles
 h - 38 stones
Armour
 b - a +0 robe (worn)
 c - a +0 hat (worn)
 p - the +2 robe "Jatwef" {Rampage *Corrode Dex+2}
   (You took it off a hobgoblin on level 2 of the Dungeon)

   Dex:       It affects your dexterity (+2).
   *Corrode:  It may corrode you when you take damage.
   Rampage:   It bestows one free step when moving towards enemies.
Jewellery
 k - a ring of protection from cold (left hand)
 x - a ring of ice (right hand)
Wands
 m - a wand of flame (36)
Scrolls
 d - 3 scrolls of identify {unknown}
 e - 3 scrolls of poison {unknown}
 f - a scroll of fear {unknown}
 i - a scroll of noise {unknown}
 j - a scroll of brand weapon {unknown}
 o - a scroll of enchant armour {unknown}
 r - a scroll of vulnerability {unknown}
 u - 3 scrolls of teleportation {unknown}
 v - 3 scrolls of summoning {unknown}
Potions
 g - a potion of degeneration {unknown}
 l - a potion of berserk rage {unknown}
 n - a potion of mutation
 s - a potion of curing {unknown}
 t - a potion of lignification {unknown}
 w - a potion of heal wounds {unknown}


   Skills:
 + Level 2.2 Fighting
 + Level 3.6 Dodging
 - Level 1.5 Stealth
 * Level 3.8 Spellcasting


You couldn't memorise any spells.
You knew the following spells:

 Your Spells              Type           Power      Damage    Failure   Level
a - Magic Dart            Conj           68%        1d6       3%          1
b - Blink                 Tloc           34%        N/A       4%          2
c - Call Imp              Summ           17%        N/A       4%          2
d - Slow                  Hex            68%        N/A       3%          1
e - Conjure Flame         Conj/Fire      17%        6-21      10%         3
f - Mephitic Cloud        Conj/Pois/Air  17%        N/A       10%         3
g - Summon Small Mammal   Summ           68%        N/A       3%          1
h - Scorch                Fire           34%        2d7       4%          2
Your spell library was empty.

Dungeon Overview and Level Annotations

Branches:
Dungeon (4/15)
 Temple: D:4-7

Altars:
Gozag
Nemelex Xobeh

Annotations:
D:4 Blork the orc


Innate Abilities, Weirdness & Mutations

You are immune to sickness and miasma.
You are immune to poison.
Your flesh is very heat resistant. (rF++)
You are vulnerable to cold. (rC-)
You float through the air rather than walking.
You learn spells naturally, not from books.
Your magical power is your life essence.
You have superior vitality. (+4 MHP)
You are somewhat resistant to further mutation.
Your natural rate of healing is unusually fast.


Message History

The black bear bites you! The black bear closely misses you.
The black bear barely misses you.
Casting: Blink (safe; 4% risk of failure)
Confirm with . or Enter, or press ? or * to list all spells.
You are still too unstable to blink.
Casting: Blink (safe; 4% risk of failure)
Confirm with . or Enter, or press ? or * to list all spells.
Aiming: Slow (safe; 3% risk of failure)
Press: ? - help, Shift-Dir - straight line, f/p - black bear
Aim: a black bear (moderately wounded, more vulnerable to fire, ally target, chance to affect: 56%)
The black bear seems to slow down.
The black bear is no longer more vulnerable to fire.
Casting: Slow (safe; 3% risk of failure)
Confirm with . or Enter, or press ? or * to list all spells.
Aiming: Slow (safe; 3% risk of failure)
Press: ? - help, Shift-Dir - straight line, f - Blork the orc, p - black bear
Aim: Blork the orc, wielding a +0 battleaxe and wearing a +0 robe (fast, chance to affect: 56%) Blork the orc resists with significant effort.
Blork the orc casts a spell at you. The magic dart hits you!
Your crimson imp blinks!
Blork the orc hits you with a +0 battleaxe!
* * * LOW HITPOINT WARNING * * *
Unknown command.
It was a potion of mutation.
You feel extremely strange.
You begin to heal more quickly.
You feel genetically stable.
Blork the orc screams, "I don't like you!"
Blork the orc misses you. The black bear bites you.
* * * LOW HITPOINT WARNING * * *
The black bear misses you. The black bear closely misses you.
Your magical contamination has completely faded away.
Unknown command.
Unknown command.
It was a potion of flight.
You feel more buoyant.
You feel stable enough to blink again. Blork the orc barely misses you.
Blork the orc miscasts a cantrip.
The black bear bites you.
You die...
Your body crumbles into a pile of gold.

## .# .. .# .. #.# .#
#. #.##.## .# #. ...
.. ..# ## #. #.# .#
#.# # ##.## ##.##.#
#.# ###
#...#####.....# #.#
..# #.#o@........#
#.# ..#
#..h####.....# #.#
..#
##.###.......####.###
.## #.#
#>##<........... .#
#.# #.####.#######.#
.# #.###.## #.# #.#
### ##.##...###.# #.#
... #........##.# #.#
### ##.##....##.# #.#


You could see Blork the orc (fast) and a black bear (slow).

Vanquished Creatures
  A hound (D:2)
  5 adders
  3 dart slugs
  2 orcs (D:3)
  6 endoplasms
  5 giant cockroaches
  11 goblins
  6 hobgoblins
  3 jackals (D:1)
  3 quokkas
  11 ball pythons
  4 bats
  3 frilled lizards
  14 kobolds
  5 rats
82 creatures vanquished.

Vanquished Creatures (collateral kills)
  Robin (D:2)
  3 orcs (D:3)
  An endoplasm (D:3)
  2 hobgoblins
  A ball python (D:3)
  A frilled lizard (D:3)
  A rat (D:2)
10 creatures vanquished.

Vanquished Creatures (others)
  A plant (D:1)
1 creature vanquished.

Grand Total: 93 creatures vanquished

Notes
Turn   | Place    | Note
-------+----------+-------------------------------------------
     0 | D:1      | stormannn the Djinni Hedge Wizard began the quest for the
                  | Orb.
     0 | D:1      | stormannn set off with the following spells memorised:
                  | Magic Dart, Blink, Call Imp, Slow, Conjure Flame, Mephitic
                  | Cloud.
     0 | D:1      | Reached XP level 1. HP: 15/15 MP: 0/0
   466 | D:1      | Reached XP level 2. HP: 14/22 MP: 0/0
   785 | D:1      | Found a faded altar of an unknown god.
   790 | D:1      | Prayed at the altar of an unknown god.
   790 | D:1      | Became a worshipper of Gozag Ym Sagoz the Greedy
  1365 | D:1      | Reached XP level 3. HP: 25/26 MP: 0/0
  1365 | D:1      | Learned a level 1 spell: Summon Small Mammal
  1585 | D:1      | Reached skill level 1 in Fighting
  2053 | D:2      | Reached XP level 4. HP: 19/32 MP: 0/0
  2319 | D:2      | Noticed Robin
  2333 | D:2      | Killed Robin
  2587 | D:2      | Identified the +2 robe "Jatwef" {Rampage *Corrode Dex+2}
  2633 | D:2      | Reached XP level 5. HP: 36/38 MP: 0/0
  2633 | D:2      | Learned a level 2 spell: Scorch
  4719 | D:4      | Found a sparkling altar of Nemelex Xobeh.
  4877 | D:4      | Reached XP level 6. HP: 41/43 MP: 0/0
  4932 | D:4      | Noticed Blork the orc
  4933 | D:4      | Noticed a black bear
  4944 | D:4      | Gained mutation: Your natural rate of healing is unusually
                  | fast. [potion of mutation]
  4944 | D:4      | Gained mutation: You are somewhat resistant to further
                  | mutation. [potion of mutation]
  4945 | D:4      | Slain by a black bear

Illustrated notes

Levels and vault maps discovered:
D:1:      psy_arrival_conway, layout_basic,
          shapermc_ecumenical_altar_mp_ritualfount
D:2:      minmay_door_path, layout_rooms, grunt_ministairs_12, uniq_robin
D:3:      kb_forest_paths, layout_loops_cross
D:4:      layout_loops_ring, lemuel_doored_altar, nrook_mini_backslash,
          uniq_blork_the_orc

Skill      XL: |  1  2  3  4  5 |
---------------+----------------+-----
Fighting       | 1 2 |  2.2
Spellcasting   | 3 |  3.8
Dodging        | 3 |  3.6
Stealth        | |  1.5

Action                   |  1- 3 |  4- 6 || total
-------------------------+-------+-------++-------
 Cast: Magic Dart        |    70 |   121 ||   191
       Call Imp          |     1 |    13 ||    14
       Summon Small Mamm |       |     3 ||     3
       Slow              |       |     2 ||     2
       Blink             |       |     1 ||     1
       Scorch            |       |     1 ||     1
  Use: Potion            |       |     2 ||     2
Armor: Robe              |     8 |     6 ||    14
Dodge: Dodged            |    16 |    22 ||    38
